[Event "Live Chess"]
[Site "Chess.com"]
[Date "2023.05.21"]
[Round "-"]
[White "OSmith06"]
[Black "quantum_void"]
[Result "0-1"]
[WhiteElo "1642"]
[BlackElo "1506"]
[TimeControl "300"]
[EndTime "0:54:00 PDT"]
[Termination "quantum_void won by resignation"]

1. e4 e6 2. d4 d5 3. Nd2 Nf6 4. e5 Nfd7 5. Bd3 c5 6. c3 cxd4 7. cxd4 Nc6 8. Ne2 Be7 9. Nf3 O-O 10. O-O f6 11. exf6 Nxf6 12. Bg5 Qc7 13. Bf4 Bd6 14. Bxd6 Qxd6 15. Qd2 Ne7 16. Ne5 Bd7 17. Nf4 Nc6 18. Nxd7 Qxd7 19. Qe3 Rae8 20. Rfe1 Nb4 21. a3 Nxd3 22. Nxd3 Ne4 23. Ne5 Qb5 24. f3 Nf6 25. b4 a5 26. bxa5 Qxa5 27. Rec1 Nh5 28. Rab1 b5 29. Rc5 Qa4 30. Rcxb5 Nf4 31. R5b4 Qc2 32. R4b2 Qf5 33. a4 Qg5 34. Qf2 Nh3+ 35. Kf1 Nxf2 36.
Kxf2 Qh4+ 37. Ke2 Qxd4 0-1

[Event "Live Chess"]
[Site "Chess.com"]
[Date "2023.05.21"]
[Round "-"]
[White "raminguy"]
[Black "whitedjohn"]
[Result "1-0"]
[WhiteElo "1944"]
[BlackElo "1643"]
[TimeControl "300"]
[EndTime "0:54:12 PDT"]
[Termination "raminguy won by checkmate"]

1. d4 Nf6 2. Nc3 d5 3. Bf4 c6 4. e3 g6 5. h4 Bg7 6. Bd3 O-O 7.
h5 Bg4 8. f3 Bxh5 9. g4 Nbd7 10. gxh5 Nxh5 11. Rxh5 gxh5 12. Qe2 Nf6 13. Qh2 Qb6 14.
O-O-O c5 15. dxc5 Qxc5 16. Be5 Qxe3+ 17. Kb1 d4 18. Bxd4 Qe6 19. Nge2 Rfd8 20. Rh1 Kf8 21. Rg1 Rac8 22. Qg2 Rxd4 23. Qxg7+ Ke8 24. Bb5+ Kd8 25. Nxd4 Qe3 26. Rd1 Kc7 27. Qg3+ Kb6 28. Na4+ Ka5 29. a3 h4 30. b4# 1-0

[Event "Live Chess"]
[Site "Chess.com"]
[Date "2023.05.21"]
[Round "-"]
[White "tpm07"]
[Black "Long1968"]
[Result "1-0"]
[WhiteElo "1928"]
[BlackElo "1013"]
[TimeControl "300"]
[EndTime "0:54:20 PDT"]
[Termination "tpm07 won on time"]

1. e4 e6 2. d4 d5 3. Nc3 Bb4 4. e5 c5 5. a3 cxd4 6. axb4 dxc3 7. bxc3 Nc6 8. Qg4 Nxe5 9. Qxg7 Qf6 10. Qxf6 Nxf6 11. f4 Nc4 12. Bxc4 dxc4 13. Nf3 b5 14. Nd4 Bd7 15. Be3 Nd5 16. Bd2 Rg8 17. g3 Ke7 18.
Ra6 Nc7 19. Ra5 a6 20. Kf2 Kd6 21. Rha1 f6 22. Nf3 e5 23. Rd1 Ke6 24. Re1 Kd5 25.
fxe5 fxe5 26. Rxe5+ Kc6 27. Nd4+ Kb7 28. Re7 1-0

[Event "Live Chess"]
[Site "Chess.com"]
[Date "2023.05.21"]
[Round "-"]
[White "ProfPoisson"]
[Black "Hacker_2009"]
[Result "0-1"]
[WhiteElo "1186"]
[BlackElo "1908"]
[TimeControl "300"]
[EndTime "0:54:22 PDT"]
[Termination "Hacker_2009 won by resignation"]

1. e4 c5 2. Nf3 d6 3. d4 cxd4 4. Nxd4 Nf6 5. Bb5+ Bd7 6. Bxd7+ Qxd7 7. Nc3 a6 8. O-O e6 9. f4 Be7 10. f5 O-O 11.
fxe6 fxe6 12. Bg5 Nc6 13. Bxf6 Bxf6 14. Nf3 Rac8 15. e5 Nxe5 16. Nxe5 Bxe5 17. Rxf8+ Rxf8 18. Ne4 d5 19. Nc5 Qc6 20. Qe2 Qxc5+ 21. Kh1 Qf2 0-1

[Event "Live Chess"]
[Site "Chess.com"]
[Date "2023.05.21"]
[Round "-"]
[White "booktrunk"]
[Black "Vitalii18a"]
[Result "1-0"]
[WhiteElo "1287"]
[BlackElo "1105"]
[TimeControl "300"]
[EndTime "0:54:51 PDT"]
[Termination "booktrunk won on time"]

1. d4 d5 2. Nc3 e6 3. Bf4 Bd6 4.
Bxd6 Qxd6 5. Qd3 Nf6 6. Nb5 Qc6 7. e3 a6 8. Nc3 O-O 9. Nf3 h6 10. Ne5 Qd6 11. Ne2 Ne4 12. Nf4 c5 13. f3 c4 14. Qa3 Qxa3 15. bxa3 Nc3 16. Kd2 Nb5 17. a4 Nd6 18. c3 Nc6 19. Rb1 Nxe5 20. dxe5 Nf5 21.
Be2 Rb8 22. e4 dxe4 23. fxe4 Ne7 24. Bxc4 Ng6 25. Nxg6 fxg6 26. Rhf1 Bd7 27. Rxf8+ Kxf8 28. Ke3 Bxa4 29. Bxa6 Bc6 30. Bc4 Ke7 31. Bb5 Ra8 32. Bxc6 bxc6 33. Rb7+ Kf8 34. Rb2 Ra3 35. Kd3 Ke7 36.
Kc4 g5 37. Kb4 Ra7 38. a4 Rb7+ 39. Ka3 Rxb2 40. Kxb2 Kd7 41. Kb3 Kc7 42. Kc4 Kb6 43. Kb4 g4 44. c4 h5 45. a5+ Kb7 46. Kc5 g6 47. Kd6 Ka6 48. Kxc6 Kxa5 49. Kd6 Kb4 50. Kxe6 Kxc4 51. Kf6 Kd4 52. e6 Kxe4 53. e7 h4 54.
e8=Q+ Kd3 55. Qe1 g3 56. hxg3 hxg3 57. Qxg3+ 1-0

[Event "Live Chess"]
[Site "Chess.com"]
[Date "2023.05.21"]
[Round "-"]
[White "Tiltador"]
[Black "LiamClery2020"]
[Result "0-1"]
[WhiteElo "761"]
[BlackElo "2020"]
[TimeControl "300"]
[EndTime "0:55:02 PDT"]
[Termination "LiamClery2020 won by resignation"]

1. e4 Nf6 2. d3 e5 3. Nf3 Nc6 4.
g3 d5 5. exd5 Qxd5 6. Bg2 Bg4 7.
O-O O-O-O 8. Bg5 e4 9. Nc3 Bxf3 10. Nxd5 Bxd1 11. Raxd1 Rxd5 12. Bxf6 gxf6 13. dxe4 Rxd1 14. Rxd1 Be7 15. f4 Rd8 16. Rxd8+ Nxd8 17. c4 Kd7 18. b3 Kc6 19. h4 Kc5 20. Kf1 Kd4 21. Ke1 Kc3 22.
Kd1 Kb2 23. e5 fxe5 24. fxe5 Kxa2 25. Bd5 Kxb3 26. h5 Kc3 27. g4 Kd4 28. Ke2 a5 29.
Kd2 c6 30. Bg2 Kxe5 31. Kc2 Kf4 32. Kb3 Kxg4 33. Ka4 Kxh5 34. Kxa5 Bc5 35. Bh3 Kg5 36. Bc8 f5 37. Bxb7 Nxb7+ 38. Ka4 h5 39. Kb3 h4 40. Kc3 h3 0-1

[Event "Live Chess"]
[Site "Chess.com"]
[Date "2023.05.21"]
[Round "-"]
[White "blunderabit"]
[Black "mach247"]
[Result "1-0"]
[WhiteElo "1818"]
[BlackElo "1334"]
[TimeControl "300"]
[EndTime "0:55:09 PDT"]
[Termination "blunderabit won by resignation"]

1. e4 d5 2. exd5 Qxd5 3. Nc3 Qd8 4. Bc4 Nf6 5. d3 a6 6. Qe2 b5 7. Bb3 Bb7 8. Nf3 e6 9. O-O Be7 10. Re1 Nd5 11. Nxd5 Bxd5 12. c4 bxc4 13. dxc4 Bb7 14.
Bf4 O-O 15. Rad1 Qc8 16. Bc2 Nd7 17. Ng5 Bxg5 18. Bxg5 c5 19. Qd3 g6 20. Qxd7 Qxd7 21.
Rxd7 1-0

[Event "Live Chess"]
[Site "Chess.com"]
[Date "2023.05.21"]
[Round "-"]
[White "YrrriKharkiv"]
[Black "BostonStrangler"]
[Result "1-0"]
[WhiteElo "2070"]
[BlackElo "2068"]
[TimeControl "300"]
[EndTime "0:55:21 PDT"]
[Termination "YrrriKharkiv won by resignation"]

1. d4 Nf6 2. Bg5 d5 3. c4 e6 4.
Nc3 Bb4 5. e3 h6 6. Qa4+ Nc6 7. Bxf6 Qxf6 8. Nf3 Bd7 9. Qc2 dxc4 10.
Bxc4 e5 11. O-O exd4 12. exd4 O-O 13. Nd5 Qd6 14. a3 Ba5 15. b4 Bb6 16. Rad1 Ne7 17. Nxe7+ Qxe7 18. Ne5 Bc8 19. Ng6 Qd8 20. Nxf8 Qxf8 21.
Rfe1 a5 22. Qb3 axb4 23. Bxf7+ 1-0

[Event "Live Chess"]
[Site "Chess.com"]
[Date "2023.05.21"]
[Round "-"]
[White "Woodpusher500"]
[Black "friarnator"]
[Result "0-1"]
[WhiteElo "1250"]
[BlackElo "1997"]
[TimeControl "300"]
[EndTime "0:55:36 PDT"]
[Termination "friarnator won by checkmate"]

1. e4 Nf6 2. e5 Nd5 3. c4 Nb6 4. d4 d6 5. Nf3 Bg4 6. Nbd2 dxe5 7. dxe5 Bxf3 8. Qxf3 Nc6 9. c5 Nd5 10. Bc4 e6 11. Ne4 Nxe5 12. Qb3 Nxc4 13. Qxc4 c6 14.
O-O Be7 15. Bd2 O-O 16. Rad1 Qc7 17. Qc2 Rfd8 18. Ng5 Bxg5 19. Bxg5 f6 20. Bh4 e5 21.
Qf5 Qd7 22. Qf3 Qe7 23. Rfe1 Qxc5 24. Qg3 Kh8 25. Kh1 Nf4 26. Rxd8+ Rxd8 27. Qh3 Nd3 28. Re2 Qc1+ 29. Re1 Qxe1# 0-1

[Event "Live Chess"]
[Site "Chess.com"]
[Date "2023.05.21"]
[Round "-"]
[White "yarek"]
[Black "LutherSullivan"]
[Result "1-0"]
[WhiteElo "1894"]
[BlackElo "2104"]
[TimeControl "300"]
[EndTime "0:55:41 PDT"]
[Termination "yarek won on time"]

1. e4 e5 2. Nf3 Nc6 3. Bc4 Nf6 4. d3 Bc5 5. c3 O-O 6. O-O h6 7. Nbd2 d5 8. exd5 Nxd5 9. b4 Bb6 10. Qc2 Bf5 11.
Ne4 Nf6 12. a4 1-0

[Event "Live Chess"]
[Site "Chess.com"]
[Date "2023.05.21"]
[Round "-"]
[White "swingrumbacha"]
[Black "OceanFloater"]
[Result "1-0"]
[WhiteElo "2415"]
[BlackElo "1019"]
[TimeControl "300"]
[EndTime "0:55:56 PDT"]
[Termination "swingrumbacha won by checkmate"]

1. e4 c5 2. Nc3 e6 3. g3 Nc6 4. Bg2 b6 5. Nf3 Bb7 6. a4 a5 7. O-O Nf6 8. e5 Nd5 9. Nxd5 exd5 10. Re1 Be7 11. d4 O-O 12. c3 c4 13.
Nd2 Nb8 14. Nxc4 dxc4 15. Bxb7 Ra7 16. Bd5 Qc7 17. h4 d6 18. Qe2 Re8 19. Bf4 Nd7 20. exd6 Bxd6 21. Bxf7+ Kxf7 22. Qxe8+ Kf6 23. Qe6# 1-0

[Event "Live Chess"]
[Site "Chess.com"]
[Date "2023.05.21"]
[Round "-"]
[White "Singapourfeuj"]
[Black "whitedjohn"]
[Result "1-0"]
[WhiteElo "2188"]
[BlackElo "1642"]
[TimeControl "300"]
[EndTime "0:55:56 PDT"]
[Termination "Singapourfeuj won by resignation"]

1. d4 Nf6 2. Nf3 d5 3. g3 g6 4. Bg2 Bg7 5. O-O O-O 6. Nbd2 Nbd7 7. Re1 Re8 8. e4 e5 9. dxe5 Nxe5 10. Nxe5 Rxe5 11.
exd5 Rxe1+ 12. Qxe1 Nxd5 13. Ne4 Nf6 14. Bg5 Bf5 15. Rd1 Qe7 16. Nxf6+ Bxf6 17. Qxe7 Bxe7 18. Bxe7 Bxc2 19. Rd8+ Rxd8 20. Bxd8 1-0

[Event "Live Chess"]
[Site "Chess.com"]
[Date "2023.05.21"]
[Round "-"]
[White "Biranidun"]
[Black "MJMykh"]
[Result "1-0"]
[WhiteElo "2534"]
[BlackElo "1116"]
[TimeControl "300"]
[EndTime "0:56:07 PDT"]
[Termination "Biranidun won by checkmate"]

1. e4 e5 2. Nf3 Nc6 3. Bc4 Bc5 4. c3 Nf6 5. d4 exd4 6. b4 Bb6 7. e5 Ng4 8. cxd4 d5 9. Bb5 O-O 10. h3 Nh6 11. Bxh6 gxh6 12. Qd2 Kg7 13. Nc3 a5 14. Bxc6 bxc6 15. Ne2 axb4 16. Ng3 Ba5 17. Nh5+ Kg6 18.
Nf4+ Kg7 19. O-O b3 20. Qd3 bxa2 21. Nh5+ Kh8 22. Nf6 Ba6 23. Qxh7# 1-0

[Event "Live Chess"]
[Site "Chess.com"]
[Date "2023.05.21"]
[Round "-"]
[White "MarkLim1"]
[Black "OSmith06"]
[Result "1-0"]
[WhiteElo "1694"]
[BlackElo "1635"]
[TimeControl "300"]
[EndTime "0:56:10 PDT"]
[Termination "MarkLim1 won by resignation"]

1. d4 Nf6 2. Nf3 e6 3. e3 d5 4. Bd3 c5 5. b3 cxd4 6. exd4 Nc6 7. O-O Bd6 8. Bb2 O-O 9. a3 a6 10. Nbd2 b5 11. Ne5 Qc7 12. f4 Bb7 13. Qf3 Bxe5 14. fxe5 Nxe5 15. dxe5 d4 16. Qh3 Qxe5 17. Rxf6 Qe3+ 18.
Rf2 1-0

[Event "Live Chess"]
[Site "Chess.com"]
[Date "2023.05.21"]
[Round "-"]
[White "Ferrarifan27"]
[Black "EPotapov05"]
[Result "1-0"]
[WhiteElo "2074"]
[BlackElo "1393"]
[TimeControl "300"]
[EndTime "0:56:27 PDT"]
[Termination "Ferrarifan27 won by resignation"]

1. e4 e6 2. d4 d5 3. Nc3 Nf6 4. Bg5 Be7 5. e5 Nfd7 6. h4 Bxg5 7. hxg5 Qxg5 8. Nf3 Qe7 9. Bd3 g6 10. Qd2 Nc6 11. Nb5 Nb6 12. Qh6 a6 13. Qg7 Rf8 14. Nc3 Bd7 15. Rxh7 O-O-O 16. O-O-O Rde8 17.
Rdh1 Nd8 18. Rh8 Rxh8 19. Rxh8 Rxh8 20. Qxh8 Qe8 21. Qxe8 Bxe8 22. Ng5 Nc6 23. Ne2 Ne7 24. c3 Nf5 25. Bxf5 gxf5 26. Nf4 Kd8 27. b3 Ke7 28.
Kd2 Nd7 29. Ke3 Nf8 30. c4 c6 31. c5 Ng6 32. Nxg6+ fxg6 33. f4 Bd7 34. Kf3 Kf8 35. Kg3 Kg7 36. Kh4 Bc8 37. Nf3 Bd7 38. Kg5 Bc8 39. Nh4 1-0

[Event "Live Chess"]
[Site "Chess.com"]
[Date "2023.05.21"]
[Round "-"]
[White "quantum_void"]
[Black "Hacker_2009"]
[Result "0-1"]
[WhiteElo "1505"]
[BlackElo "1909"]
[TimeControl "300"]
[EndTime "0:56:38 PDT"]
[Termination "Hacker_2009 won by resignation"]

1. e4 c5 2. Nf3 d6 3. Bc4 e6 4.
O-O Nf6 5. Nc3 Be7 6. Bb5+ Bd7 7.
a4 a6 8. Bxd7+ Qxd7 9. d4 cxd4 10.
Nxd4 O-O 11. f4 Nc6 12. Nf3 Rfd8 13. Qe2 Qc7 14. Be3 d5 15. e5 Nd7 16. Nd4 Nxd4 17. Bxd4 Bc5 18. Qd3 Qb6 19. Bxc5 Nxc5 20. Qe3 d4 0-1

[Event "Live Chess"]
[Site "Chess.com"]
[Date "2023.05.21"]
[Round "-"]
[White "OleksiyJr1"]
[Black "maxwalden"]
[Result "0-1"]
[WhiteElo "965"]
[BlackElo "1213"]
[TimeControl "300"]
[EndTime "0:56:45 PDT"]
[Termination "maxwalden won by checkmate"]

1. e4 c5 2. Nf3 d6 3. Nc3 Nf6 4. d4 cxd4 5. Qxd4 g6 6. Be3 Bg7 7. Qd3 O-O 8. Be2 Nc6 9. O-O a6 10. Nd5 Nxd5 11. Qxd5 Bxb2 12. Rab1 Bg7 13. Bd4 Nxd4 14.
Nxd4 Bxd4 15. Qxd4 b5 16. f3 Bb7 17. Rfd1 e5 18.
Qxd6 Qxd6 19. Rxd6 Rfd8 20. Rxd8+ Rxd8 21. Rd1 Rxd1+ 22.
Bxd1 a5 23. Be2 b4 24. Kf1 Bc8 25. Ke1 Be6 26. Bb5 Bxa2 27. Kd2 b3 28. cxb3 Bxb3 29.
Kc3 a4 30. Kb2 f5 31. exf5 gxf5 32. Ka3 e4 33. Bxa4 Bxa4 34. Kxa4 e3 35. Kb3 e2 36.
Kc2 e1=Q 37. Kd3 Qh4 38. Ke2 Qxh2 39. Kf2 Qe5 40. g3 h5 41. Kg2 f4 42. Kh3 fxg3 43. f4 Qxf4 44. Kg2 Qf2+ 45. Kh3 Qh2# 0-1

[Event "Live Chess"]
[Site "Chess.com"]
[Date "2023.05.21"]
[Round "-"]
[White "matt1979"]
[Black "ranvir123"]
[Result "1-0"]
[WhiteElo "1538"]
[BlackElo "923"]
[TimeControl "300"]
[EndTime "0:56:54 PDT"]
[Termination "matt1979 won by checkmate"]

1. f4 e5 2. fxe5 d6 3. exd6 Qxd6 4. Nf3 Nf6 5. d4 Nc6 6. c3 Bg4 7. Qd3 O-O-O 8. g3 Bxf3 9. Qxf3 g6 10. Bg2 Bg7 11. O-O Rhe8 12. Bf4 Qd5 13. Qf2 Qf5 14. Bxc6 bxc6 15. Qg2 Qc2 16. Qxc6 Rxe2 17. Qxc7# 1-0

[Event "Live Chess"]
[Site "Chess.com"]
[Date "2023.05.21"]
[Round "-"]
[White "horsechessnut"]
[Black "EdenHazard8"]
[Result "0-1"]
[WhiteElo "1473"]
[BlackElo "1961"]
[TimeControl "300"]
[EndTime "0:56:55 PDT"]
[Termination "EdenHazard8 won by checkmate"]

1. e4 c6 2. Nf3 d5 3. exd5 cxd5 4. d4 Nf6 5. Bf4 Nc6 6. Nbd2 Bg4 7. Be2 e6 8. O-O Bd6 9. Ne5 Bxe2 10. Qxe2 Nxd4 11. Qd3 Nc6 12. Qb5 Rc8 13. Ndf3 O-O 14. Bg3 Ne4 15. Nxc6 bxc6 16. Qa4 Nxg3 17. hxg3 Qf6 18.
Rab1 c5 19. Qxa7 Ra8 20. Qb6 Qe7 21. a3 Rfb8 22. Qc6 Ra5 23. Rfe1 c4 24. b4 cxb3 25. cxb3 Rxa3 26. Qc2 Qb7 27. Re3 Rc8 28. Qd1 Ra2 29. Ng5 h6 30. Nf3 Rcc2 31. Ne1 Rxf2 32. Rc3 Qb6 33. Qd3 Rxg2+ 34. Kh1 Rh2# 0-1

[Event "Live Chess"]
[Site "Chess.com"]
[Date "2023.05.21"]
[Round "-"]
[White "diana21strabt"]
[Black "AttackingSnowLeopard"]
[Result "0-1"]
[WhiteElo "1719"]
[BlackElo "2201"]
[TimeControl "300"]
[EndTime "0:57:24 PDT"]
[Termination "AttackingSnowLeopard won by resignation"]

1. e4 c6 2. d4 d5 3. Nc3 dxe4 4. Nxe4 Nf6 5. Nxf6+ exf6 6. Bc4 Bd6 7. Nf3 O-O 8. O-O Nd7 9. Be3 Re8 10. a4 Nf8 11. c3 Be6 12. Bd3 Ng6 13. Bc2 Qd7 14.
Qd3 f5 15. Rad1 Ne7 16. Ne5 Bxe5 17. dxe5 Qxd3 18. Bxd3 Nd5 19. Bd4 b6 20. a5 c5 21.
Be3 Nxe3 22. fxe3 bxa5 23. Bxf5 Rab8 24. Bxe6 Rxe6 25. Rd5 h6 26. Rxc5 Rxb2 27. Rxa5 Rb7 28. Rd5 Rc7 29. Rc1 Rec6 30. Rd3 Kh7 31. Kf2 Kg6 32.
Kf3 Kf5 33. e4+ Kxe5 34. Rd5+ Ke6 35. Rd3 a5 36. Kf4 Rc4 37. g3 f5 38. Re3 g5+ 39.
Kf3 fxe4+ 40. Rxe4+ Rxe4 41. Kxe4 a4 42. c4 Kd6 43. Kd4 a3 44. Ra1 Ra7 45. Kc3 Kc5 46. Kb3 a2 47. Kc3 g4 48. Kb3 h5 49. Kc3 Rf7 50. Rxa2 Rf3+ 51. Kb2 Rf2+ 52. Kb3 Rxa2 53. Kxa2 Kxc4 54. Kb2 Kd3 55. Kb3 Ke2 56. Kc4 Kf2 57.
Kd4 Kg2 58. Ke5 Kxh2 59. Kf4 Kh3 60. Kg5 Kxg3 61. Kxh5 Kf4 62. Kg6 g3 0-1

[Event "Live Chess"]
[Site "Chess.com"]
[Date "2023.05.21"]
[Round "-"]
[White "defenderalist"]
[Black "Tilbs_12"]
[Result "0-1"]
[WhiteElo "1626"]
[BlackElo "1568"]
[TimeControl "300"]
[EndTime "0:57:41 PDT"]
[Termination "Tilbs_12 won on time"]

1. e4 c6 2. Nf3 d5 3. exd5 cxd5 4. d4 Nc6 5. Nc3 Bg4 6. Be2 Nf6 7. h3 Bh5 8. g4 Bg6 9. Be3 e6 10. Qd2 a6 11.
Ne5 Nxe5 12. dxe5 Nd7 13. f4 Bc5 14. O-O-O Bxe3 15. Qxe3 b5 16. Bd3 Bxd3 17. Qxd3 Rc8 18. Kb1 Qc7 19. f5 O-O 20. f6 Nxe5 21. Qe2 Ng6 22.
fxg7 Kxg7 23. h4 Qe5 24. h5 Qxe2 25. Nxe2 Ne5 26. Rdg1 f6 27. g5 fxg5 28. Rxg5+ Kf6 29.
Rg3 Ke7 30. a3 Rg8 31. Rhg1 Rxg3 32. Rxg3 Rf8 33. Nd4 Kd6 34. Rg7 Rf7 35. h6 Ke7 36. c3 Nd7 37. Nc6+ Kf8 38. Rg2 Rf6 39. Rh2 Rg6 40.
Kc2 Rg5 41. Kd3 Ne5+ 42. Nxe5 Rxe5 43. Kd4 Rf5 44. Kc5 Rf7 45. Kd6 Re7 46. Rf2+ Ke8 47. Rf6 e5 48. Kxd5 e4 49. Rxa6 e3 50. Ra8+ Kf7 51.
Kc5 e2 52. Kxb5 e1=Q 53. c4 Qe2 54. b4 Qe5+ 55. c5 Qe2+ 56. Ka4 Qe6 57. Ra5 Qc6+ 0-1

[Event "Live Chess"]
[Site "Chess.com"]
[Date "2023.05.21"]
[Round "-"]
[White "SiDebanks"]
[Black "Denz14"]
[Result "0-1"]
[WhiteElo "1342"]
[BlackElo "1036"]
[TimeControl "300"]
[EndTime "0:57:44 PDT"]
[Termination "Denz14 won by resignation"]

1. d4 d5 2. Nc3 e6 3. Bf4 Bb4 4. e3 Nf6 5. Bd3 Ne4 6. Bxe4 Bxc3+ 7. bxc3 dxe4 8. Qg4 O-O 9. Bh6 Qf6 10. Bg5 Qg6 11.
Qf4 f6 12. Qxc7 fxg5 13. Ne2 Qf7 14. O-O Qxc7 0-1

[Event "Live Chess"]
[Site "Chess.com"]
[Date "2023.05.21"]
[Round "-"]
[White "MarkLim1"]
[Black "swingrumbacha"]
[Result "0-1"]
[WhiteElo "1693"]
[BlackElo "2426"]
[TimeControl "300"]
[EndTime "0:57:45 PDT"]
[Termination "swingrumbacha won by resignation"]

1. d4 d5 2. Nf3 Nf6 3. c4 e6 4.
cxd5 exd5 5. Nc3 c6 6. Qc2 Be7 7. Bg5 g6 8. Bxf6 Bxf6 9. e3 Bf5 10. Bd3 Bxd3 11. Qxd3 O-O 12. h4 Bg7 13. h5 Nd7 14. hxg6 fxg6 15. Ng5 Qxg5 0-1

[Event "Live Chess"]
[Site "Chess.com"]
[Date "2023.05.21"]
[Round "-"]
[White "MJMykh"]
[Black "Ferrarifan27"]
[Result "0-1"]
[WhiteElo "1116"]
[BlackElo "2074"]
[TimeControl "300"]
[EndTime "0:57:53 PDT"]
[Termination "Ferrarifan27 won by checkmate"]

1. e4 e5 2. Nf3 Nc6 3. Nc3 Nf6 4. Bc4 Bc5 5. Ng5 O-O 6. Nxf7 Rxf7 7. Bxf7+ Kxf7 8. O-O d6 9. h3 Be6 10. d3 Kg8 11.
Bg5 h6 12. Bxf6 Qxf6 13. a3 Rf8 14. Qe2 Qg6 15. Kh2 Nd4 16. Qd2 Nf3+ 17. gxf3 Rxf3 18. Rg1 Rxh3# 0-1

[Event "Live Chess"]
[Site "Chess.com"]
[Date "2023.05.21"]
[Round "-"]
[White "ExIsambard"]
[Black "Doge_Dandolo"]
[Result "1-0"]
[WhiteElo "1934"]
[BlackElo "1897"]
[TimeControl "300"]
[EndTime "0:57:57 PDT"]
[Termination "ExIsambard won by checkmate"]

1. d4 d5 2. Bg5 c5 3. c3 Nc6 4.
e3 Bf5 5. Bd3 Bxd3 6. Qxd3 Qc7 7. Nf3 e6 8. Nbd2 h6 9. Bh4 Be7 10. Bg3 Bd6 11. dxc5 Bxg3 12. hxg3 a5 13. a3 a4 14. O-O Nf6 15. Nd4 Ne5 16. Qb5+ Nfd7 17. f4 Ng4 18. Rf3 O-O 19. Re1 Nxc5 20. e4 dxe4 21.
Nxe4 Nxe4 22. Rxe4 Nf6 23. Re5 Nd5 24. Qd3 Rac8 25. Qd1 Qc4 26. f5 b5 27. fxe6 fxe6 28.
Nxe6 Rxf3 29. Qxf3 Nf6 30. Nd4 Qa2 31. Qe2 Rxc3 32.
Qxb5 Qb1+ 33. Kh2 Rc1 34. Qb8+ Kh7 35. g4 Nxg4+ 36. Kg3 Nxe5 37. Qxe5 Qd3+ 38. Kh2 Rd1 39. Nf5 Qd5 40. Qxg7# 1-0

[Event "Live Chess"]
[Site "Chess.com"]
[Date "2023.05.21"]
[Round "-"]
[White "OceanFloater"]
[Black "Singapourfeuj"]
[Result "0-1"]
[WhiteElo "1019"]
[BlackElo "2188"]
[TimeControl "300"]
[EndTime "0:58:06 PDT"]
[Termination "Singapourfeuj won by resignation"]

1. e4 c5 2. Nf3 d6 3. d4 cxd4 4. Nxd4 Nf6 5. Bb5+ Bd7 6. Bxd7+ Nbxd7 7. Nc3 e6 8. O-O a6 9. Nb3 Rc8 10. Bd2 Be7 11.
Re1 O-O 12. Na5 Qxa5 13. a3 Qc7 14. b4 Ne5 15. f4 Nc4 16. e5 Nxd2 17. Qxd2 Qxc3 18.
Qxc3 Rxc3 19. Re2 dxe5 20. fxe5 Nd5 21. Rd2 Rfc8 22. Rc1 g6 23. Kf2 Bg5 24. Rd3 Bxc1 25. Rxc3 Rxc3 0-1

[Event "Live Chess"]
[Site "Chess.com"]
[Date "2023.05.21"]
[Round "-"]
[White "KeithArkell"]
[Black "JoshMcK"]
[Result "1-0"]
[WhiteElo "2523"]
[BlackElo "1538"]
[TimeControl "300"]
[EndTime "0:58:16 PDT"]
[Termination "KeithArkell won by checkmate"]

1. d4 d5 2. c4 e6 3. Nf3 Nf6 4.
cxd5 exd5 5. Nc3 Nc6 6. Bg5 Be6 7. e3 h6 8. Bh4 a6 9. Bg3 Bd6 10. Bxd6 Qxd6 11. Be2 O-O 12. O-O Ng4 13. h3 Nf6 14. Rc1 Rac8 15. Na4 Nd7 16. Nc5 Nxc5 17. Rxc5 Qd7 18.
a3 Qd6 19. Qc2 Qe7 20. Rc1 Qf6 21. b4 Ne7 22. Ne5 c6 23. Bg4 Bxg4 24. Nxg4 Qg6 25.
Ne5 Qxc2 26. R5xc2 Rcd8 27. a4 Nc8 28. b5 axb5 29.
axb5 Ne7 30. bxc6 bxc6 31. Nxc6 Nxc6 32. Rxc6 Rfe8 33. Rc7 Kf8 34. Rb7 Ra8 35. Rcc7 Kg8 36. Rxf7 Kh8 37. Rxg7 h5 38. Rh7+ Kg8 39. Rbg7+ Kf8 40.
Rd7 h4 41. Rh8# 1-0

[Event "Live Chess"]
[Site "Chess.com"]
[Date "2023.05.21"]
[Round "-"]
[White "chessfiction"]
[Black "Tushinskiy"]
[Result "1-0"]
[WhiteElo "2353"]
[BlackElo "2188"]
[TimeControl "300"]
[EndTime "0:58:17 PDT"]
[Termination "chessfiction won by resignation"]

1. e4 e5 2. Nf3 d6 3. Bc4 Bg4 4. h3 Bh5 5. c3 c6 6. d3 Qc7 7. Nbd2 Nf6 8. Nf1 Nbd7 9. g4 Bg6 10. Ng3 d5 11. Bb3 dxe4 12. dxe4 Nxe4 13. Nxe4 Bxe4 14. Bxf7+ Kxf7 15. Ng5+ Ke8 16. Nxe4 Rd8 17. Bg5 Be7 18. Bxe7 Kxe7 19. Qd2 Nf6 20. Qg5 Kf7 21. Nxf6 gxf6 22.
Qh5+ Kg7 23. g5 Rhf8 24. Qh6+ Kh8 25. gxf6 Qd7 26. Rg1 Rf7 27. Rg3 e4 28. Kf1 Rdf8 29. Rg7 Qf5 30. Rxf7 Rxf7 31. Rd1 Qxf6 32. Qxf6+ Rxf6 33.
Rd8+ Kg7 34. Ke2 Rf7 35. Ke3 Rf3+ 36. Kxe4 Rxf2 37. Rd7+ Kg6 38. Rxb7 Rh2 39. Rxa7 Rxb2 40. Ra6 Kg5 41. a4 c5 42. Kd5 Rc2 43. c4 Rc3 44.
h4+ Kh5 45. Kxc5 Rh3 46. Rd6 Rxh4 47. a5 Rh1 48. a6 Ra1 49. Kb6 Kg5 50. a7 h5 51. Kb7 Rb1+ 52. Rb6 Ra1 53. a8=Q 1-0

[Event "Live Chess"]
[Site "Chess.com"]
[Date "2023.05.21"]
[Round "-"]
[White "seasidecastle27"]
[Black "JamesWallman"]
[Result "1-0"]
[WhiteElo "1869"]
[BlackElo "755"]
[TimeControl "300"]
[EndTime "0:58:34 PDT"]
[Termination "seasidecastle27 won on time"]

1. d4 d5 2. Nf3 Nf6 3. Bf4 Nc6 4. e3 Bg4 5. Be2 e6 6. Nbd2 Bb4 7. c3 Ba5 8. b4 Bb6 9. a4 a5 10. b5 Ne7 11. Ne5 Bxe2 12. Qxe2 O-O 13. O-O h6 14. h3 Nh7 15. Bh2 f6 16. Nd3 Ng5 17. h4 Ne4 18. f3 Nxd2 19. Qxd2 Nf5 20. h5 Qe8 21. g4 Nd6 22.
Nf4 Nc4 23. Qe2 Rf7 24. Kg2 Rd8 25. Bg1 e5 26. Nxd5 Rxd5 27. Qxc4 Qe6 28. e4 Rd6 29. Qxe6 Rxe6 30. d5 Rd6 31. c4 Bxg1 32. Rxg1 c6 33.
bxc6 bxc6 34. Rab1 cxd5 35. cxd5 Rd8 36. Rgc1 Kh7 37. Rb5 Ra7 38. Rcc5 Rdd7 39. Rxa5 Rxa5 40. Rxa5 Rb7 41. Rb5 Ra7 42. a5 Kg8 43. d6 Kf8 44.
Rc5 Ke8 45. Kf2 Kd7 46. Rd5 Ra6 47. Ke3 Rxd6 48. Rxd6+ Kxd6 49. Kd3 Kc7 50. Kc4 Kb7 51. Kb5 Ka7 52. a6 Ka8 53. Kb6 Kb8 54. a7+ Ka8 55. Ka6 f5 56. gxf5 1-0

[Event "Live Chess"]
[Site "Chess.com"]
[Date "2023.05.21"]
[Round "-"]
[White "raimundklein"]
[Black "Mugzwang"]
[Result "1-0"]
[WhiteElo "1753"]
[BlackElo "1543"]
[TimeControl "300"]
[EndTime "0:58:56 PDT"]
[Termination "raimundklein won on time"]

1. e4 c5 2. Nf3 Nc6 3. c3 Nf6 4.
e5 Nd5 5. d4 cxd4 6. cxd4 d6 7.
Be2 dxe5 8. dxe5 e6 9. O-O Qc7 10. Bf4 Be7 11. Bg3 O-O 12. Nc3 Nxc3 13. bxc3 Rd8 14.
Qc2 Nb4 15. Qb3 Nc6 16. Rad1 b6 17. Bd3 Bb7 18. Be4 Na5 19. Qc2 Bxe4 20. Qxe4 Qxc3 21. Rc1 Qb2 22. Rc7 Bc5 23. Ng5 g6 24.
Rxf7 Qd4 25. Qf3 Rd7 26. Rf6 Rf8 27. Nxe6 Rxf6 28. Qxf6 Qb2 29. Nxc5 bxc5 30. Qe6+ 1-0

[Event "Live Chess"]
[Site "Chess.com"]
[Date "2023.05.21"]
[Round "-"]
[White "friarnator"]
[Black "YrrriKharkiv"]
[Result "0-1"]
[WhiteElo "1990"]
[BlackElo "2079"]
[TimeControl "300"]
[EndTime "0:59:09 PDT"]
[Termination "YrrriKharkiv won by resignation"]

1. e4 e6 2. d4 d5 3. Nc3 Nf6 4. Bg5 Be7 5. e5 Nfd7 6. Bxe7 Qxe7 7. f4 a6 8. Nf3 c5 9. Qd2 Nc6 10. dxc5 Qxc5 11. Bd3 f6 12. O-O-O fxe5 13. fxe5 Ndxe5 14. Nxe5 Nxe5 15. Qg5 Nxd3+ 16. Rxd3 O-O 17. Rg3 Qd4 18. Ne2 Qf6 19. Qd2 Bd7 20. h4 Bb5 21. Nd4 Bd7 22.
h5 Qf4 23. Qxf4 Rxf4 24. Re1 Rxd4 0-1